Map: Odyssey LE

Players

Elazer - Winner!

  • Race: Zerg Zerg
  • Spawn Location: 5:00

Has

  • Race: Protoss Protoss
  • Spawn Location: 11:00

Event: WCS Valencia 2017

VOD

Have the link to the VOD?

Description

Time

  • Played on: July 14, 2017, 9:34 a.m.
  • Length: 12:09

All games in this series

Show
View Real Time Build Order
Export as new Build Order

Elazer Zerg - Winner!

Build Orders: Pool First 

Get SALT Encoding   

  12  0:00  Drone  
  13  0:12  Overlord  
  13  0:17  Drone  
  14  0:30  Drone  
  14  0:31  Drone  
  14  0:34  Drone  
  17  0:44  Extractor  
  17  0:45  Drone  
  17  0:48  Spawning Pool  
  16  0:55  Drone  
  17  1:06  Drone  
  18  1:18  Hatchery  
  17  1:21  Drone  
  18  1:35  Queen  
  18  1:36  Zergling x2  
  21  1:43  Metabolic Boost  
  21  1:49  Overlord  
  21  1:57  Drone  
  23  2:08  Drone  
  23  2:11  Queen  
  25  2:15  Drone  
  26  2:23  Drone  
  27  2:30  Zergling x2  
  27  2:31  Pneumatized Carapace  
  27  2:35  Drone  
  29  2:46  Hatchery  
  29  2:47  Drone  
  29  2:54  Drone x2  
  29  2:55  Drone  
  29  2:57  Drone  
  33  2:59  Drone  
  33  3:04  Overlord  
  34  3:07  Drone  
  35  3:18  Drone  
  36  3:22  Queen, Drone  
  36  3:24  Zergling x2  
  36  3:25  Drone x2  
  42  3:29  Drone  
  42  3:33  Drone  
  44  3:37  Evolution Chamber  
  44  3:39  Zergling x2  
  44  3:48  Overlord  
  44  3:55  Spore Crawler  
  44  3:56  Spore Crawler, Drone  
  44  3:57  Drone  
  44  3:58  Queen  
  44  4:00  Drone x2  
  44  4:01  Drone  
  44  4:02  Zergling x2  
  50  4:08  Zergling x6  
  53  4:13  Overlord  
  53  4:16  Zerg Melee Weapons Level 1  
  53  4:19  Baneling Nest  
  53  4:20  Overlord  
  53  4:24  Zergling x4  
  53  4:29  Overlord  
  54  4:33  Zergling x4, Overlord  
  54  4:38  Queen  
  56  4:42  Lair  
  58  4:49  Overlord  
  58  4:51  Drone x4  
  62  4:55  Drone x2  
  62  4:57  Drone  
  65  5:02  Drone  
  65  5:04  Drone x3  
  65  5:05  Overlord  
  69  5:10  Drone, Overlord  
  69  5:12  Drone  
  71  5:16  Overlord  
  71  5:17  Drone  
  71  5:18  Drone  
  72  5:22  Overlord  
  72  5:24  Spore Crawler  
  72  5:25  Zergling x4  
  71  5:30  Overlord  
  71  5:31  Drone  
  71  5:34  Overlord  
  71  5:36  Zergling x6  
  71  5:37  Zergling x2  
  75  5:44  Overseer  
  75  5:47  Drone x3  
  75  5:48  Extractor  
  75  5:49  Extractor  
  76  5:52  Zergling x6  
  76  5:54  Hydralisk Den  
  76  5:59  Zergling x6  
  76  6:04  Overlord x2  
  79  6:07  Zergling x2  
  79  6:08  Zergling x10  
  85  6:16  Extractor  
  83  6:19  Overlord  
  83  6:20  Drone x2  
  83  6:23  Muscular Augments  
  83  6:24  Drone  
  85  6:28  Overlord  
  85  6:31  Zerg Missile Weapons Level 1  
  83  6:33  Overlord  
  83  6:36  Hatchery  
  82  6:40  Zergling x2  
  82  6:41  Zergling x6, Overlord  
  85  6:49  Hydralisk x3  
  85  6:53  Hydralisk  
  91  6:58  Hydralisk  
  94  7:03  Drone x11  
  94  7:05  Drone x2  
  107  7:11  Hydralisk  
  109  7:19  Extractor, Drone x3  
  109  7:22  Overlord  
  111  7:23  Hydralisk  
  111  7:24  Hydralisk x2  
  111  7:27  Hydralisk  
  119  7:30  Hydralisk  
  119  7:34  Hydralisk x2  
  124  7:44  Extractor, Drone  
  124  7:45  Drone x2  
  124  7:46  Overlord  
  124  7:47  Overlord  
  124  7:48  Hydralisk  
  124  7:51  Hydralisk  
  128  7:55  Spore Crawler  
  129  7:58  Hydralisk x2  
  129  8:03  Hydralisk x2  
  129  8:04  Zergling x4  
  129  8:05  Zergling x4  
  141  8:10  Overlord  
  139  8:17  Hydralisk x4  
  142  8:24  Hydralisk x2  
  142  8:32  Hydralisk x3  
  144  8:43  Hydralisk x3  
  144  8:45  Zergling x26  
  158  8:59  Hydralisk x6  
  164  9:06  Hydralisk x2  
  143  9:11  Hydralisk  
  136  9:20  Hydralisk  
  136  9:21  Hydralisk x3  
  141  9:28  Hydralisk x2  
  143  9:31  Extractor  
  143  9:34  Drone x3  
  143  9:35  Overlord  
  145  9:42  Hatchery  
  145  9:44  Hydralisk x5  
  154  9:52  Hydralisk x3  
  154  9:57  Hydralisk  
  154  9:58  Hydralisk  
  158  10:00  Zergling x18  
  158  10:02  Hydralisk  
  165  10:10  Hydralisk x3  
  161  10:14  Hydralisk  
  161  10:16  Zergling x22  
  174  10:26  Overseer  
  174  10:27  Hydralisk x3  
  174  10:28  Hydralisk  
  180  10:33  Overlord  
  180  10:41  Hydralisk x5  
  158  10:47  Hydralisk  
  158  10:48  Hydralisk  
  136  10:57  Hydralisk x4  
  125  10:58  Zergling x6  
  125  10:59  Zergling x8  
  139  11:09  Hydralisk x2  
  139  11:10  Hydralisk x3  
  143  11:15  Hydralisk  
  143  11:16  Hydralisk  
  143  11:17  Zergling x12  
  151  11:22  Hydralisk x2  
  155  11:29  Hydralisk x3  
  155  11:31  Overlord  
  161  11:39  Hydralisk x3  
  167  11:43  Hydralisk x2  
  168  11:48  Zergling x4  
Show
View Real Time Build Order
Export as new Build Order

Has Protoss 

Build Orders: 1 Gate Expand, Phoenix Opening 

Get SALT Encoding   

  12  0:02  Probe (Chrono Boost)  
  13  0:12  Probe (Chrono Boost)  
  14  0:17  Pylon  
  14  0:23  Probe (Chrono Boost)  
  15  0:36  Probe (Chrono Boost)  
  15  0:37  Gateway  
  16  0:46  Probe (Chrono Boost)  
  16  0:47  Assimilator  
  18  0:57  Probe (Chrono Boost)  
  18  1:07  Probe (Chrono Boost)  
  19  1:23  Nexus  
  20  1:30  Cybernetics Core  
  19  1:33  Probe (Chrono Boost)  
  20  1:42  Assimilator  
  20  1:44  Probe (Chrono Boost)  
  21  1:49  Pylon  
  21  1:55  Probe (Chrono Boost)  
  22  2:05  Probe (Chrono Boost)  
  22  2:07  Adept (Chrono Boost)  
  22  2:08  Warp Gate  
  25  2:17  Probe  
  26  2:28  Stargate  
  26  2:29  Probe  
  27  2:33  Probe, Adept (Chrono Boost)  
  30  2:41  Probe  
  30  2:43  Probe  
  32  2:53  Probe (Chrono Boost)  
  32  2:55  Mothership Core (Chrono Boost)  
  35  3:04  Pylon  
  35  3:05  Probe (Chrono Boost)  
  36  3:10  Gateway  
  36  3:13  Phoenix (Chrono Boost)  
  39  3:22  Gateway  
  40  3:29  Probe  
  40  3:30  Twilight Council  
  40  3:33  Probe  
  40  3:40  Probe (Chrono Boost)  
  40  3:45  Probe (Chrono Boost)  
  42  3:51  Gateway  
  42  3:52  Probe (Chrono Boost)  
  42  3:53  Gateway  
  43  3:56  Probe (Chrono Boost)  
  45  4:03  Probe (Chrono Boost)  
  45  4:06  Probe (Chrono Boost)  
  46  4:11  Dark Shrine  
  46  4:12  Pylon  
  46  4:13  Probe (Chrono Boost)  
  47  4:17  Probe (Chrono Boost)  
  47  4:18  Assimilator  
  47  4:19  Assimilator  
  47  4:24  Probe (Chrono Boost)  
  49  4:28  Probe (Chrono Boost)  
  50  4:34  Probe (Chrono Boost)  
  50  4:38  Probe (Chrono Boost)  
  51  4:41  Nexus  
  51  4:43  Pylon  
  51  4:45  Probe (Chrono Boost)  
  52  4:49  Probe (Chrono Boost)  
  52  4:52  Pylon  
  53  4:54  Pylon  
  53  4:55  Probe (Chrono Boost)  
  54  5:01  Probe (Chrono Boost)  
  54  5:06  Probe (Chrono Boost)  
  56  5:07  Stargate  
  56  5:09  Stargate  
  56  5:12  Probe (Chrono Boost)  
  57  5:16  Probe (Chrono Boost)  
  57  5:20  Pylon  
  58  5:22  Probe (Chrono Boost)  
  58  5:23  Dark Templar  
  58  5:24  Dark Templar  
  58  5:25  Dark Templar  
  58  5:27  Probe (Chrono Boost)  
  64  5:29  Pylon  
  64  5:33  Probe (Chrono Boost)  
  65  5:37  Probe (Chrono Boost)  
  64  5:44  Probe (Chrono Boost)  
  64  5:48  Probe (Chrono Boost)  
  64  5:49  Stargate  
  66  5:51  Stargate  
  66  5:52  Stargate  
  66  5:54  Probe x2 (Chrono Boost)  
  65  5:59  Probe (Chrono Boost)  
  66  6:04  Probe (Chrono Boost)  
  66  6:05  Probe (Chrono Boost)  
  66  6:09  Probe (Chrono Boost)  
  66  6:11  Assimilator  
  71  6:15  Probe x2 (Chrono Boost), Assimilator  
  73  6:20  Probe (Chrono Boost)  
  73  6:24  Oracle (Chrono Boost)  
  73  6:26  Probe x2 (Chrono Boost)  
  73  6:30  Probe (Chrono Boost), Adept  
  74  6:33  Forge, Pylon  
  74  6:36  Probe (Chrono Boost), Oracle (Chrono Boost)  
  78  6:40  Pylon  
  78  6:46  Adept x2  
  82  6:50  Oracle (Chrono Boost)  
  85  6:56  Pylon  
  85  6:59  Oracle (Chrono Boost)  
  88  7:04  Probe  
  88  7:06  Probe x2  
  88  7:07  Photon Cannon  
  88  7:08  Photon Cannon  
  91  7:09  Photon Cannon  
  91  7:14  Oracle (Chrono Boost)  
  97  7:20  Photon Cannon, Oracle (Chrono Boost)  
  97  7:23  Oracle (Chrono Boost)  
  100  7:34  Oracle (Chrono Boost)  
  103  7:39  Probe  
  103  7:41  Probe  
  103  7:44  Probe  
  106  7:49  Probe  
  106  7:50  Oracle (Chrono Boost)  
  109  7:52  Nexus  
  109  7:53  Pylon  
  109  7:55  Oracle (Chrono Boost)  
  113  7:59  Pylon  
  113  8:00  Pylon  
  116  8:06  Pylon  
  116  8:08  Oracle (Chrono Boost)  
  116  8:12  Oracle (Chrono Boost)  
  119  8:16  Photon Cannon  
  119  8:19  Photon Cannon  
  119  8:20  Photon Cannon x2  
  119  8:21  Photon Cannon  
  119  8:22  Photon Cannon  
  119  8:24  Photon Cannon  
  112  8:28  Oracle (Chrono Boost)  
  112  8:33  Oracle (Chrono Boost)  
  115  8:36  Photon Cannon  
  115  8:37  Photon Cannon  
  114  8:43  Photon Cannon  
  114  8:45  Photon Cannon, Oracle (Chrono Boost)  
  114  8:47  Photon Cannon  
  114  8:50  Oracle (Chrono Boost)  
  117  8:56  Photon Cannon  
  117  8:59  Oracle (Chrono Boost)  
  120  9:04  Photon Cannon x2  
  120  9:05  Probe  
  120  9:07  Probe  
  118  9:13  Oracle (Chrono Boost)  
  112  9:18  Dark Templar  
  113  9:30  Oracle (Chrono Boost)  
  116  9:33  Zealot x2  
  121  9:53  Nexus  
  121  9:54  Pylon  
  121  9:56  Zealot x2  
  121  9:59  Oracle (Chrono Boost)  
  119  10:00  Probe  
  119  10:01  Probe x2, Oracle (Chrono Boost)  
  119  10:03  Oracle (Chrono Boost)  
  119  10:10  Probe  
  118  10:25  Photon Cannon  
  118  10:26  Photon Cannon  
  118  10:28  Photon Cannon  
  118  10:29  Photon Cannon  
  118  10:31  Photon Cannon  
  118  10:32  Oracle (Chrono Boost)  
  118  10:35  Oracle (Chrono Boost), Assimilator  
  124  10:37  Assimilator  
  93  10:54  Oracle (Chrono Boost)  
  93  11:03  Oracle (Chrono Boost)  
  96  11:10  Oracle (Chrono Boost)  
  97  11:20  Probe  
  97  11:22  Probe  
  94  11:26  Oracle (Chrono Boost)  
  94  11:32  Pylon, Nexus  
  87  11:33  Pylon  
  87  11:34  Pylon  
  87  11:38  Pylon  
  92  11:48  Nexus  
  92  11:50  Pylon  
  92  11:52  Pylon  
Tags
 
Add a new tag
Caveats
  • Supply blocks, unpowered buildings, or Contaminate may cause inaccurate times.
  • Supply counts are checked every 10 seconds.